 Dungeon Crawl Stone Soup version 0.30-a0-475-g03497ec522 (webtiles) character file.

Game seed: 1365086749224679476

42478 drugrobin the Placeless Demigod (level 13, -9/107 (114) HPs)
             Began as a Demigod Artificer on Dec 20, 2022.
             Mangled by a minotaur
             ... wielding the +6 great sword of Famine {holy, rF+ MP+9}
              (22 damage)
             ... in a Gauntlet.
             The game lasted 01:08:50 (17549 turns).

drugrobin the Placeless Demigod (DgAr)             Turns: 17549, Time: 01:08:51

HP:   -9/107 (114)  AC: 11    Str: 31    XL:     13   Next: 49%
MP:   30/32         EV: 18    Int: 17    God:
Gold: 1112          SH:  0    Dex: 16    Spells: 1/20 levels left

rFire   + + +      SeeInvis .    a - +4 glaive of Qazlal, Threshing {speed, Will+ Str+6}
rCold   + . .      Faith    .    (shield currently unavailable)
rNeg    . . .      Spirit   .    M - +0 acid dragon scales
rPois   +          Reflect  .    L - +2 helmet
rElec   +          Harm     .    y - +0 cloak
rCorr   +          Rampage  .    (no gloves)
Will    ++...      NoTele   +    E - +0 pair of boots
Stlth   +.........               t - amulet of Yhy Iniado {rPois Regen+ Dex+2}
HPRegen 1.17/turn                w - ring of magical power
MPRegen 0.23/turn                V - ring of protection from fire

@: mighty, resistant, flying, drained, unable to drink
A: high MP 1, forlorn, divine attributes, fire resistance 1, inability to drink
after injury 1
a: no special abilities


You were in a Gauntlet.
You visited 2 branches of the dungeon, and saw 15 of its levels.
You also visited: Bailey and Gauntlet.

You collected 1168 gold pieces.
You spent 56 gold pieces at shops.

Inventory:

Hand Weapons
 a - the +4 glaive of Qazlal, Threshing (weapon) {speed, Will+ Str+6}
   (You found it in a bailey)

   Attacks with this weapon are significantly faster.
   Str:       It affects your strength (+6).
   Will:      It increases your willpower.
 b - a +2 dagger of venom
 u - a +0 demon trident of flaming
Missiles
 l - 26 boomerangs (quivered)
Armour
 q - a +1 helmet of see invisible
 x - a +0 hat of willpower
 y - a +0 cloak (worn)
 D - a +2 robe of cold resistance
 E - a +0 pair of boots (worn)
 L - a +2 helmet (worn)
 M - +0 acid dragon scales (worn)
Jewellery
 s - a ring of fire
 t - the amulet of Yhy Iniado (around neck) {rPois Regen+ Dex+2}
   (You found it on level 2 of the Dungeon)

   [amulet of regeneration]

   Dex:       It affects your dexterity (+2).
   rPois:     It protects you from poison.
   Regen:     It increases your rate of health regeneration.
 w - a ring of magical power (left hand)
 A - the amulet "Yghirryla" {Reflect Fly Int-3 Dex+2 SH+5}
   (You found it in a Gauntlet)

   [amulet of reflection]

   It reflects blocked missile attacks.
   Int:       It affects your intelligence (-3).
   Dex:       It affects your dexterity (+2).
   Fly:       It grants you flight.
   SH:        It affects your SH (+5).
 V - a ring of protection from fire (right hand)
Wands
 c - a wand of flame (25)
 d - a wand of charming (11)
 e - a wand of iceblast (8)
 m - a wand of polymorph (8)
Scrolls
 h - a scroll of blinking
 j - 4 scrolls of teleportation
 k - 2 scrolls of immolation
 G - a scroll of enchant weapon
 J - 4 scrolls of vulnerability
 P - 4 scrolls of fog
 Q - a scroll of poison
 S - a scroll of fear
Potions
 f - 4 potions of lignification
 g - 2 potions of haste
 i - 6 potions of flight
 n - 2 potions of curing
 o - 3 potions of resistance
 p - 6 potions of mutation
 r - a potion of cancellation {unknown}
 v - 3 potions of might
 z - 3 potions of brilliance {unknown}
 C - 3 potions of heal wounds {unknown}
 F - 3 potions of degeneration {unknown}
 K - 2 potions of attraction {unknown}
 O - a potion of invisibility {unknown}


   Skills:
 - Level 10.5 Fighting
 - Level 1.7 Armour
 + Level 12.3 Dodging
 - Level 0.8 Stealth
 - Level 4.0 Spellcasting
 + Level 13.5 Translocations
 - Level 4.5 Evocations


You had one spell level left.
You knew the following spells:

 Your Spells              Type           Power      Damage    Failure   Level
a - Momentum Strike       Conj/Tloc      52%        3d9       1%          2
b - Blink                 Tloc           98%        N/A       1%          2
c - Gell's Gravitas       Tloc           49%        N/A       1%          3
d - Teleport Other        Tloc           49%        N/A       1%          3
e - Dispersal             Tloc           24%        N/A       11%         6
f - Lesser Beckoning      Tloc           98%        N/A       1%          3

Your spell library contained the following spells:

 Spells                   Type           Power      Damage    Failure   Level
 Passage of Golubria      Tloc           49%        N/A       1%          4
 Dazzling Flash           Conj/Hex       6%         N/A       50%         3
 Ozocubu's Armour         Ice            3%         N/A       50%         3
 Tukima's Dance           Hex            3%         N/A       50%         3
 Agony                    Necr           3%         N/A       99%         5
 Metabolic Englaciation   Hex/Ice        1%         N/A       99%         5
 Silence                  Hex/Air        1%         N/A       99%         5
 Yara's Violent Unravell  Hex/Tmut       1%         3d3       99%         5
 Simulacrum               Ice/Necr       1%         N/A       100%        6
 Ozocubu's Refrigeration  Ice            1%         4d7       100%        7


Dungeon Overview and Level Annotations

Branches:
Dungeon (11/15)            Temple (0/1) D:6            Lair (4/5) D:11
 Shoals (0/4) Lair:3        Snake (0/4) Lair:3          Orc (0/2) D:9
 Bailey (visited)         Gauntlet (1/1)
  Slime: Lair:4-5

Shops:
D:1 *   D:9 [(

Portals:
Abyss: D:9

Annotations:
D:4 1 runed translucent door, cforsyth's ghost, amateur AtGl
D:7 2 transporters, GilGalad's ghost, novice DEFE
D:9 2 transporters, SprigganGuy's ghost, novice SpCj
D:10 2 runed translucent doors, greenreed's ghost, journeyman FoFi Gauntlet 6 transporters, exclusion: ice statue


Innate Abilities, Weirdness & Mutations

You have an increased reservoir of magic. (+10% MP)
You shall have no god before yourself.
Your divine heritage dramatically boosts your attributes as you level up.
Your flesh is heat resistant. (rF+)
You occasionally lose the ability to drink potions when taking damage.


Message History

Unknown command.
Unknown command.
Unknown command.
Unknown command.
Reach: a) +4 glaive of Qazlal, Threshing {speed, Will+ Str+6}
Press: ? - help, Dir - move target, f/p - minotaur
Aim: a minotaur, wielding the +6 great sword of Famine {holy, rF+ MP+9}, wearing a +0 plate armour and quivering javelins (about 23% to evade the +4 glaive of Qazlal, Threshing)
You reach to attack!
You slash the minotaur!
The minotaur is moderately wounded.
Unknown command.
Unknown command.
You slash the minotaur!
The minotaur is heavily wounded.
The minotaur hits you with the +6 great sword of Famine {holy, rF+ MP+9}!!!
The minotaur gores you but does no damage.
Unknown command.
Unknown command.
Unknown command.
Unknown command.
Unknown command.
Unknown command.
You slash the minotaur!
The minotaur is severely wounded.
The minotaur hits you with the +6 great sword of Famine {holy, rF+ MP+9}!
The minotaur gores you!
Unknown command.
Unknown command.
Unknown command.
Unknown command.
Unknown command.
Unknown command.
Unknown command.
You hit the minotaur but do no damage.
The minotaur is severely wounded.
The minotaur hits you with the +6 great sword of Famine {holy, rF+ MP+9}!!
You feel threatened and lose the ability to drink potions!
* * * LOW HITPOINT WARNING * * *
The minotaur barely misses you.
The minotaur hits you with the +6 great sword of Famine {holy, rF+ MP+9}!!
You die...

.⌠.⌠.⌠.©.©.⌠.⌠.⌠
................
####.###.###.##
##.###.###.###
#.............#
#.###.###.###.#
#.###.###.###.#
#.............#
######@#######
#..H..# ###.###
... ≈∩≈ ≈≈≈≈≈
#####


You could see a minotaur.

Vanquished Creatures
  A catoblepas (Lair:2)
  3 two-headed ogres
  2 boulder beetles
  A death drake (Gauntlet)
  An oklob plant (Lair:3)
  A spectral centaur (Gauntlet)
  4 elephants (Lair:2)
  2 smoke demons (Gauntlet)
  A merfolk siren (Lair:3)
  A torpor snail (Lair:1)
  A gargoyle (D:6)
  3 centaur zombies
  5 black mambas
  10 cane toads
  An unseen horror (D:10)
  2 komodo dragons
  2 rime drakes
  A red devil (Gauntlet)
  A spectral harpy (Gauntlet)
  A merfolk (Lair:3)
  A polar bear (D:11)
  9 blink frogs
  Grinder (D:3)
  11 dream sheep
  Sigmund (D:3)
  20 yaks
  A wraith (D:10)
  2 wyverns
  Eustachio (D:6)
  A hog (D:11)
  2 basilisks
  2 steam dragons
  Edmund (D:5)
  3 acid dragons
  14 water moccasins
  Duvessa (D:6)
  4 black bears
  A sky beast (D:7)
  8 orc warriors
  3 ice beasts
  12 wolves
  5 ogres
  5 centaurs
  2 phantoms
  2 kobold brigands
  3 bullfrogs
  A necrophage (D:8)
  A gnoll sergeant (D:8)
  A scorpion (D:9)
  6 wights
  7 killer bees
  5 electric eels
  4 howler monkeys
  4 crimson imps (Gauntlet)
  2 quasits (D:5)
  3 jellies
  6 orc priests
  4 hounds
  A gnoll bouda (D:7)
  5 iguanas
  Ijyb (D:3)
  8 orc wizards
  9 hell rats (Lair:1)
  7 gnolls
  5 adders
  12 river rats (Lair:1)
  2 shadow imps (D:5)
  4 white imps (D:5)
  2 ufetubi
  3 worms
  3 dart slugs
  51 orcs
  6 ball pythons
  2 bats
  4 endoplasms
  5 giant cockroaches
  16 goblins
  6 hobgoblins
  7 jackals
  5 quokkas
  3 frilled lizards
  24 kobolds
  17 rats
412 creatures vanquished.

Vanquished Creatures (collateral kills)
  A steam dragon (D:9)
  A killer bee (D:9)
  A howler monkey (D:9)
  5 orcs (D:9)
8 creatures vanquished.

Vanquished Creatures (others)
  2 killer bees (D:9)
  An orc wizard (D:6)
  14 demonic plants
  24 fungi
  50 plants
  A withered plant (Gauntlet)
92 creatures vanquished.

Grand Total: 512 creatures vanquished

Notes
Turn   | Place    | Note
-------+----------+-------------------------------------------
     0 | D:1      | drugrobin the Demigod Artificer began the quest for the
                  | Orb.
     0 | D:1      | Reached XP level 1. HP: 15/15 MP: 3/3
    22 | D:1      | Found Neomeamo's General Store.
    37 | D:1      | Reached skill level 1 in Fighting
   261 | D:1      | Reached XP level 2. HP: 24/24 MP: 4/4
   544 | D:1      | Upgraded the game from 0.30-a0-469-g84de5afbc5 to
                  | 0.30-a0-475-g03497ec522
   984 | D:1      | Reached XP level 3. HP: 24/30 MP: 5/5
  1315 | D:1      | Bought a scroll of amnesia for 56 gold pieces
  1617 | D:2      | Identified the amulet of Yhy Iniado {rPois Regen+ Dex+2}
  2232 | D:3      | Noticed Ijyb
  2292 | D:3      | Reached XP level 4. HP: 18/40 MP: 6/6
  2501 | D:3      | Killed Ijyb
  2578 | D:3      | Noticed Sigmund
  2590 | D:3      | Killed Sigmund
  2591 | D:3      | Reached skill level 5 in Fighting
  2591 | D:3      | Reached XP level 5. HP: 44/49 MP: 7/7
  2899 | D:3      | Noticed Grinder
  2907 | D:3      | Paralysed by Grinder for 5 turns
  2917 | D:3      | Killed Grinder
  2918 | D:3      | Reached XP level 6. HP: 39/58 MP: 8/8
  3488 | D:4      | Found a runed translucent door.
  3488 | D:4      | Noticed cforsyth's ghost (amateur AtGl)
  3518 | D:4      | Reached XP level 7. HP: 66/66 MP: 9/9
  3821 | D:4      | Learned a level 2 spell: Blink
  4235 | D:5      | Entered Level 5 of the Dungeon
  4373 | D:5      | Learned a level 2 spell: Momentum Strike
  4474 | D:5      | Reached skill level 1 in Translocations
  4584 | D:5      | Reached skill level 2 in Translocations
  4706 | D:5      | Noticed Edmund
  4856 | D:5      | Reached skill level 3 in Translocations
  5114 | D:6      | Reached skill level 4 in Translocations
  5114 | D:6      | Reached XP level 8. HP: 74/74 MP: 10/10
  5206 | D:6      | Noticed Eustachio
  5226 | D:6      | Killed Eustachio
  5227 | D:6      | Reached skill level 5 in Translocations
  5349 | D:6      | Learned a level 3 spell: Gell's Gravitas
  5449 | D:6      | Found a staircase to the Ecumenical Temple.
  5495 | D:6      | Reached skill level 6 in Translocations
  5531 | D:6      | Noticed a gargoyle
  5645 | D:7      | Reached skill level 7 in Translocations
  5893 | D:7      | Found a transporter.
  5897 | D:7      | Noticed GilGalad's ghost (novice DEFE)
  5939 | D:7      | Found a transporter.
  6118 | D:8      | Reached skill level 1 in Dodging
  6194 | D:8      | Reached XP level 9. HP: 75/81 MP: 11/11
  6231 | D:8      | Reached skill level 8 in Translocations
  6875 | D:8      | Reached skill level 9 in Translocations
  7087 | D:8      | Reached skill level 5 in Dodging
  7776 | D:6      | Killed a gargoyle
  7857 | D:6      | Noticed Duvessa
  7857 | D:6      | Noticed Dowan
  7881 | D:6      | Killed Duvessa
  7882 | D:6      | Reached XP level 10. HP: 74/84 MP: 13/13
  7891 | D:6      | Dowan changed into Dowan the worm
  7891 | D:6      | Noticed Dowan
  7895 | D:6      | Killed Dowan the worm
  8143 | D:5      | Killed Edmund
  8374 | D:9      | Noticed a boulder beetle
  8450 | D:9      | Found a transporter.
  8455 | D:9      | Killed a boulder beetle
  8456 | D:9      | Reached skill level 10 in Translocations
  8457 | D:9      | Found a transporter.
  8457 | D:9      | Noticed a wizard
  8511 | D:9      | Noticed a large abomination
  8511 | D:9      | Noticed a toenail golem
  8575 | D:9      | Noticed SprigganGuy's ghost (novice SpCj)
  8577 | D:9      | Found Enerypet's Armour Shoppe.
  8579 | D:9      | Found a staircase to the Orcish Mines.
  8581 | D:9      | Found Yzoliff's Weapon Shoppe.
  8780 | D:9      | Found a flagged portal.
  8786 | Bailey   | Entered a bailey
  8794 | Bailey   | Noticed an orc warlord
  8948 | Bailey   | Found a runed translucent gate.
  8950 | Bailey   | Found a runed translucent gate.
  8952 | Bailey   | Found a runed translucent gate.
  8978 | Bailey   | Reached skill level 1 in Spellcasting
  9151 | Bailey   | Identified the +4 glaive of Qazlal, Threshing {speed, Will+
                  | Str+6}
  9667 | D:9      | Found a one-way gate to the infinite horrors of the Abyss.
  9805 | D:10     | Entered Level 10 of the Dungeon
  9819 | D:10     | Noticed a two-headed ogre
 10076 | D:10     | Noticed a two-headed ogre
 10385 | D:10     | Learned a level 3 spell: Teleport Other
 10412 | D:10     | Found a large runed translucent door.
 10421 | D:10     | Found a large runed translucent door.
 10421 | D:10     | Noticed greenreed's ghost (journeyman FoFi)
 10619 | D:10     | Killed a two-headed ogre
 11206 | D:10     | Learned a level 6 spell: Dispersal
 11235 | D:11     | Noticed a two-headed ogre
 11248 | D:11     | a two-headed ogre changed into a hog
 11360 | D:11     | Reached XP level 11. HP: 91/94 MP: 20/20
 11416 | D:11     | Noticed a two-headed ogre
 11439 | D:11     | Killed a two-headed ogre
 11736 | D:11     | Found a staircase to the Lair.
 12350 | D:11     | Noticed a two-headed ogre
 12376 | D:11     | Killed a two-headed ogre
 12481 | Lair:1   | Entered Level 1 of the Lair of Beasts
 12495 | Lair:1   | Reached skill level 11 in Translocations
 12495 | Lair:1   | Reached XP level 12. HP: 105/105 MP: 21/21
 12590 | Lair:1   | Learned a level 3 spell: Lesser Beckoning
 12666 | Lair:1   | Reached skill level 10 in Dodging
 13470 | Lair:2   | Reached skill level 10 in Fighting
 13909 | Lair:2   | Reached skill level 12 in Translocations
 14390 | Lair:2   | Noticed a catoblepas
 14432 | Lair:2   | Killed a catoblepas
 14631 | Lair:2   | Reached XP level 13. HP: 105/114 MP: 23/23
 15382 | Lair:3   | Found a staircase to the Snake Pit.
 16016 | Lair:3   | Found a staircase to the Shoals.
 16416 | Lair:3   | Reached skill level 13 in Translocations
 16978 | Lair:4   | Found a gate leading to a gauntlet.
 17026 | Gauntlet | Entered a Gauntlet
 17026 | Gauntlet | Found a transporter.
 17026 | Gauntlet | Found a transporter.
 17028 | Gauntlet | Found a transporter.
 17028 | Gauntlet | Found a transporter.
 17032 | Gauntlet | Found a transporter.
 17032 | Gauntlet | Found a transporter.
 17066 | Gauntlet | Found a transporter.
 17070 | Gauntlet | Found a transporter.
 17080 | Gauntlet | Found a transporter.
 17097 | Gauntlet | Found a transporter.
 17111 | Gauntlet | Found a transporter.
 17115 | Gauntlet | Found a transporter.
 17386 | Gauntlet | Identified the amulet "Yghirryla" {Reflect Fly Int-3 Dex+2
                  | SH+5}
 17413 | Gauntlet | HP: 4/108 [spectral harpy (2)]
 17541 | Gauntlet | Gained mutation: Your flesh is heat resistant. (rF+)
                  | [potion of mutation]
 17541 | Gauntlet | Gained mutation: You occasionally lose the ability to drink
                  | potions when taking damage. [potion of mutation]
 17543 | Gauntlet | Found the +10 morningstar "Eos" {elec, Halo rElec}
 17543 | Gauntlet | Identified the +6 great sword of Famine {holy, rF+ MP+9}
 17543 | Gauntlet | Noticed a minotaur
 17549 | Gauntlet | Mangled by a minotaur

Illustrated notes

Levels and vault maps discovered:
D:1:      dpeg_arrival_orchard, layout_basic, serial_shops,
          nicolae_shop_crystal, st_stairs_1
D:2:      layout_loops_ring, basic_altar, ebering_ecumenical_altar_sacrificial
D:3:      layout_loops_corners, nicolae_gozag_cash_rules_everything_around_me,
          mainiacjoe_overflow_paths, uniq_sigmund, uniq_grinder, uniq_ijyb
D:4:      layout_basic, lemuel_tele_altar, mainiacjoe_overflow_alcove_1,
          gammafunk_ghost_grave
D:5:      layout_loops_ring, serial_demonic, serial_demonic_f, serial_demonic_g,
          serial_demonic_c, serial_demonic_g, serial_demonic_d,
          serial_demonic_f, serial_demonic_a, st_stairs_3, uniq_edmund
D:6:      layout_basic, minmay_temple_entry_tees, uniq_eustachio, uniq_duvessa
D:7:      layout_rooms, mainiacjoe_overflow_six_doors_small,
          gammafunk_ghost_stat_death
D:8:      minmay_skewed_foursquare, layout_basic, kennysheep_little_box,
          nicolae_overflow_hidden_temple, special_room [special_room_orc],
          kennysheep_crisscross, minivault_4, serial_bayou_lake_a
D:9:      layout_basic, trog_butcher_becter, orc_david_3,
          gammafunk_ghost_abyssal_escape, enter_bailey_4
D:10:     layout_loops_ring, lemuel_zombie_altar_yredelemnul,
          nzn_hepliaklqana_mist_gate, ebering_ghost_disaster_area,
          serial_rivers, chequers_serial_rivers_small_b,
          chequers_serial_rivers_micro_e, chequers_serial_rivers_micro_d,
          chequers_serial_rivers_micro_b, chequers_serial_rivers_micro_a,
          kennysheep_generic_room_15
D:11:     layout_roguey, hellmonk_lair_entry_icy, nicolae_elyvilon_temple_path
Lair:1:   lemuel_ratsnest, layout_chaotic_city, st_stairs_13,
          grunt_forest_small_clearing_treed, infiniplex_staircase_pool_2,
          grunt_megastairs_4
Lair:2:   layout_layer_cave
Lair:3:   layout_cave_pods, elwin_shoals_entry_rooms,
          minmay_snake_entry_six_corridors, minmay_lair_oklob_bushes,
          chequers_serial_rivers_large_b
Lair:4:   layout_gridlike, gauntlet_entry_generic, serial_bayou_lagoon_b,
          serial_bayou_shore_b
Gauntlet: minmay_gauntlet_77_indecision [minmay_gauntlet_arena_77_squiggly,
          minmay_gauntlet_arena_77_two_lines,
          minmay_gauntlet_arena_77_double_cross, minmay_gauntlet_arena_77_fan,
          minmay_gauntlet_arena_77_two_paths, minmay_gauntlet_arena_77_museum,
          gauntlet_exit_watery]

Skill      XL: |  1  2  3  4  5  6  7  8  9 10 11 12 13 |
---------------+----------------------------------------+-----
Fighting       | 2 3 5 6 7 8 9 10 | 10.5
Translocations | 4 7 9 10 11 12 13 | 13.5
Dodging        | 2 5 8 9 11 12 | 12.3
Spellcasting   | 4 |  4.0
Evocations     | 4 |  4.5
Armour         | |  1.7
Stealth        | |  0.8

Action                   |  1- 3 |  4- 6 |  7- 9 | 10-12 | 13-15 || total
-------------------------+-------+-------+-------+-------+-------++-------
Melee: Club              |    21 |       |       |       |       ||    21
       Dagger            |   118 |    91 |   358 |   199 |     3 ||   769
       Punch             |     1 |     1 |     6 |     2 |       ||    10
       Flail             |       |       |   124 |    20 |       ||   144
       Great sword       |       |       |     5 |     7 |       ||    12
       Glaive            |       |       |       |   408 |   221 ||   629
Throw: Boomerang         |     6 |       |    17 |    19 |     1 ||    43
       Dart              |       |       |     6 |    27 |       ||    33
 Cast: Momentum Strike   |       |       |     8 |    37 |    13 ||    58
       Blink             |       |       |     5 |    11 |     7 ||    23
       Gell's Gravitas   |       |       |    20 |    26 |    11 ||    57
       Teleport Other    |       |       |       |     1 |     3 ||     4
       Lesser Beckoning  |       |       |       |     1 |       ||     1
Evoke: Wand              |     6 |     4 |    12 |    11 |     8 ||    41
  Use: Scroll            |       |       |     4 |     9 |     3 ||    16
       Potion            |       |       |       |     1 |    12 ||    13
 Stab: Sleeping          |     3 |     1 |     2 |     1 |       ||     7
       Distracted        |       |       |       |     1 |       ||     1
Armor: Leather armour    |    23 |       |       |       |       ||    23
       Chain mail        |     6 |    12 |       |       |       ||    18
       Robe              |       |    23 |   285 |    86 |       ||   394
       Acid dragon scale |       |       |       |    98 |    82 ||   180
Dodge: Dodged            |    67 |    32 |   408 |   563 |   234 ||  1304

Table legend: (Time is in decaauts)
 A = Elapsed time spent in this place.
 B = Non-inter-level travel time spent in this place.
 C = Inter-level travel time spent in this place.
 D = Time resting spent in this place.
 E = Time spent auto-exploring this place.
 F = Levels seen in this place.
 G = Mean time per level.
                   A        B        C        D        E       F      G
               +--------+--------+--------+--------+--------+-----+--------+
         Total |  17830 |  17171 |    659 |   1370 |  10421 |  17 | 1048.8 |
       Dungeon |  12197 |  11590 |    607 |    761 |   7266 |  11 | 1108.8 |
          Lair |   4692 |   4640 |     52 |    424 |   3086 |   4 | 1173.0 |
        Bailey |    412 |    412 |      0 |     20 |     68 |   1 |  412.0 |
      Gauntlet |    528 |    528 |      0 |    165 |      0 |   1 |  528.0 |
               +--------+--------+--------+--------+--------+-----+--------+

Top non-repeatable levels by time:
  Lair:3: 1690 daAuts
  Lair:2: 1632 daAuts
     D:8: 1510 daAuts
     D:1: 1341 daAuts
    D:11: 1287 daAuts
     D:9: 1246 daAuts
  Lair:1: 1240 daAuts
    D:10: 1222 daAuts
     D:3: 1045 daAuts
     D:6: 1035 daAuts
     D:4: 1035 daAuts
     D:5: 969 daAuts
     D:2: 912 daAuts
     D:7: 591 daAuts
Gauntlet: 528 daAuts
